Map: 瀑布

Players

Zoun

  • Race: Protoss Protoss
  • Spawn Location: 7:00

Jieshi - Winner!

  • Race: Protoss Protoss
  • Spawn Location: 1:00

Event: DreamHack SC2 Masters 2022 Atlanta (Offline)

VOD

Have the link to the VOD?

Description

Time

  • Played on: Nov. 18, 2022, 1:24 p.m.
  • Length: 10:11

All games in this series

Show
View Real Time Build Order
Export as new Build Order

Zoun Protoss 

Build Orders: Phoenix Opening, Blink Stalkers 

Get SALT Encoding   

  12  0:00  Probe  
  13  0:12  Probe  
  14  0:17  Pylon  
  14  0:24  Probe (Chrono Boost)  
  15  0:36  Probe (Chrono Boost)  
  15  0:38  Gateway  
  16  0:44  Probe (Chrono Boost)  
  16  0:47  Assimilator  
  17  0:51  Probe  
  18  1:03  Probe  
  19  1:15  Probe  
  20  1:26  Zealot, Cybernetics Core, Pylon  
  20  1:28  Probe  
  23  1:33  Assimilator  
  23  1:44  Probe  
  24  1:56  Probe  
  24  2:00  Stalker (Chrono Boost)  
  25  2:05  Warp Gate (Chrono Boost)  
  27  2:13  Nexus  
  27  2:16  Probe  
  28  2:24  Stalker  
  31  2:31  Pylon  
  31  2:35  Probe  
  30  2:52  Gateway  
  30  2:59  Sentry  
  30  3:00  Shield Battery, Probe (Chrono Boost)  
  31  3:08  Twilight Council  
  32  3:13  Probe (Chrono Boost)  
  32  3:21  Probe (Chrono Boost)  
  33  3:28  Probe  
  33  3:33  Phoenix  
  34  3:35  Probe  
  34  3:38  Gateway  
  34  3:40  Robotics Facility, Probe  
  36  3:41  Blink (Chrono Boost)  
  36  3:49  Probe  
  36  3:53  Probe  
  38  3:57  Stalker  
  38  4:01  Probe  
  41  4:05  Probe  
  41  4:08  Sentry  
  44  4:13  Probe  
  46  4:17  Probe, Pylon  
  46  4:24  Stalker  
  48  4:25  Probe  
  48  4:29  Probe  
  50  4:33  Stalker  
  50  4:37  Probe  
  53  4:44  Nexus  
  53  4:45  Observer  
  54  4:49  Pylon  
  54  4:52  Stalker  
  56  4:55  Probe x2  
  56  4:56  Assimilator  
  58  5:00  Stalker  
  53  5:14  Stalker  
  51  5:33  Probe x2  
  53  5:38  Stalker  
  55  5:45  Probe  
  55  5:47  Probe  
  55  5:49  Shield Battery  
  57  5:57  Probe  
  57  5:58  Charge  
  57  6:00  Probe x2, Forge  
  60  6:09  Probe, Stalker  
  57  6:20  Probe  
  57  6:23  Probe  
  57  6:24  Probe  
  56  6:27  Observer  
  56  6:35  Stalker x2  
  57  6:40  Probe x2  
  57  6:46  Probe  
  60  6:51  Stalker  
  60  6:52  Probe  
  63  7:00  Stalker  
  65  7:01  Stalker  
  65  7:05  Observer  
  67  7:22  Stalker  
  65  7:23  Probe x3  
  65  7:24  Stalker  
  65  7:25  Stalker  
  72  7:31  Gateway  
  72  7:34  Gateway  
  72  7:35  Probe x2 (Chrono Boost)  
  72  7:36  Probe (Chrono Boost)  
  75  7:47  Probe x2 (Chrono Boost)  
  75  7:48  Probe (Chrono Boost)  
  75  7:50  Sentry  
  80  7:55  Immortal (Chrono Boost)  
  80  7:56  Probe x2 (Chrono Boost)  
  84  8:07  Shield Battery  
  84  8:09  Pylon x2  
  82  8:22  Zealot x2  
  77  8:27  Probe  
  77  8:28  Stalker x3  
  77  8:32  Gateway  
  77  8:34  Gateway  
  78  8:40  Shield Battery  
  78  8:42  Stalker  
  78  8:43  Zealot  
  81  8:52  Stalker x2  
  82  9:00  Stalker  
  78  9:19  Nexus  
  78  9:20  Stalker x3  
  84  9:26  Stalker  
  86  9:32  Pylon  
Show
View Real Time Build Order
Export as new Build Order

Jieshi Protoss - Winner!

Build Orders:  

Get SALT Encoding   

  12  0:00  Probe  
  13  0:12  Probe  
  14  0:17  Pylon  
  14  0:25  Probe (Chrono Boost)  
  15  0:37  Probe (Chrono Boost)  
  15  0:39  Gateway  
  16  0:44  Probe (Chrono Boost)  
  16  0:46  Assimilator  
  17  0:51  Probe  
  18  1:03  Probe  
  19  1:15  Probe  
  20  1:20  Pylon  
  20  1:25  Cybernetics Core  
  20  1:26  Zealot  
  20  1:27  Probe  
  20  1:30  Pylon  
  23  1:47  Pylon  
  23  1:48  Probe  
  24  2:00  Probe, Stalker (Chrono Boost)  
  27  2:08  Nexus  
  27  2:12  Warp Gate  
  27  2:13  Probe  
  28  2:22  Pylon  
  28  2:25  Probe  
  29  2:31  Stalker (Chrono Boost)  
  31  2:40  Probe  
  31  2:42  Assimilator  
  32  2:52  Probe  
  35  3:04  Probe  
  34  3:06  Robotics Facility  
  34  3:09  Gateway  
  34  3:16  Probe  
  34  3:18  Gateway  
  35  3:29  Probe (Chrono Boost)  
  35  3:34  Probe (Chrono Boost)  
  37  3:41  Probe (Chrono Boost)  
  36  3:42  Gateway  
  36  3:46  Probe (Chrono Boost)  
  36  3:47  Probe (Chrono Boost)  
  38  3:50  Probe (Chrono Boost)  
  38  3:53  Warp Prism (Chrono Boost)  
  38  3:55  Probe  
  41  3:58  Shield Battery  
  41  4:00  Sentry  
  41  4:01  Probe  
  45  4:07  Probe  
  46  4:11  Pylon  
  46  4:13  Adept, Probe  
  46  4:15  Adept  
  51  4:19  Probe  
  52  4:25  Probe  
  52  4:26  Observer (Chrono Boost)  
  54  4:33  Assimilator  
  54  4:36  Adept x2  
  58  4:40  Pylon  
  58  4:45  Immortal, Pylon  
  62  4:54  Forge  
  62  4:58  Probe  
  63  5:03  Adept x3  
  63  5:04  Adept  
  69  5:23  Nexus  
  69  5:24  Immortal (Chrono Boost)  
  73  5:32  Stalker x2  
  73  5:35  Protoss Ground Weapons Level 1 (Chrono Boost)  
  77  5:36  Pylon  
  75  5:51  Twilight Council, Probe x2  
  77  6:00  Warp Prism  
  77  6:03  Probe x2  
  81  6:08  Pylon  
  81  6:15  Probe  
  78  6:21  Stalker x3  
  78  6:22  Zealot  
  78  6:24  Blink (Chrono Boost)  
  84  6:26  Shield Battery  
  84  6:30  Probe  
  84  6:31  Probe  
  80  6:44  Probe x3  
  81  6:48  Gateway  
  81  6:52  Gateway  
  81  6:53  Stalker  
  81  6:54  Stalker x2  
  85  6:56  Stalker  
  85  7:14  Probe  
  85  7:15  Probe x2  
  86  7:19  Warp Prism  
  86  7:21  Stalker x4  
  90  7:26  Probe  
  90  7:27  Probe x2  
  93  7:32  Gateway  
  93  7:33  Gateway  
  93  7:36  Pylon  
  95  7:40  Pylon  
  94  7:44  Stalker  
  94  7:45  Stalker x2  
  94  7:47  Photon Cannon  
  94  7:50  Photon Cannon  
  100  7:56  Stalker x2  
  102  8:01  Photon Cannon  
  100  8:06  Stalker  
  102  8:15  Stalker x2  
  102  8:16  Zealot  
  108  8:21  Warp Prism  
  106  8:35  Stalker x3  
  112  8:42  Pylon  
  112  8:44  Nexus  
  112  8:45  Pylon  
  112  8:56  Zealot, Stalker x3  
  112  8:57  Zealot  
  120  9:07  Zealot x3  
  117  9:17  Stalker x2  
  117  9:20  Probe x3  
  117  9:22  Zealot x2, Stalker  
  128  9:32  Zealot x3  
Tags
 
Add a new tag
Caveats
  • Supply blocks, unpowered buildings, or Contaminate may cause inaccurate times.
  • Supply counts are checked every 10 seconds.